 Dungeon Crawl Stone Soup version 0.18-a0-971-g0af6217 (webtiles) character file.

286 JokEr the Poker (level 6, -1/52 HPs)
             Began as a Merfolk Fighter on Jan 2, 2016.
             Slain by Grinder (2 damage)
             ... on level 2 of the Dungeon.
             The game lasted 00:07:42 (2643 turns).

JokEr the Poker (Merfolk Fighter)                   Turns: 2643, Time: 00:07:42

Health: -1/52      AC:  6    Str: 18    XL:     6   Next: 30%
Magic:  6/6        EV:  7    Int:  8    God:
Gold:   138        SH:  9    Dex: 13    Spells: 0 memorised, 5 levels left

rFire  . . .     SeeInvis .     a - +0 trident
rCold  . . .     Gourm    .     b - +0 scale mail
rNeg   . . .     Faith    .     c - +0 shield
rPois  .         Spirit   .     (no helmet)
rElec  .         Dismiss  .     (no cloak)
rCorr  .         Reflect  .     (no gloves)
SustAt .         Harm     .     (no boots)
MR     .....                    (no amulet)
Stlth  ..........               (no ring)
                                (no ring)

@: drained, not resistant to hostile enchantments, extremely unstealthy
A: change form in water, swift swim
a: no special abilities


You were on level 2 of the Dungeon.
You were not hungry.

You visited 1 branch of the dungeon, and saw 3 of its levels.

You collected 138 gold pieces.

Inventory:

Hand Weapons
 a - a +0 trident (weapon)
Armour
 b - a +0 scale mail (worn)
 c - a +0 shield (worn)
Scrolls
 e - 2 scrolls of remove curse
 i - 3 scrolls of identify
 n - 2 scrolls of enchant weapon {unknown}
 q - a scroll of fear
 t - 3 scrolls of recharging {unknown}
Potions
 d - a potion of invisibility {unknown}
 j - 2 potions of haste {unknown}
 k - 2 potions of lignification {unknown}
 o - 2 potions of heal wounds
 p - a potion of brilliance {unknown}
 r - a potion of agility {unknown}
Comestibles
 f - 4 bread rations
 g - a meat ration
 l - 2 slices of pizza
 m - 2 beef jerkies
 s - 2 chunks of flesh


   Skills:
 + Level 5.9(5.8) Fighting
 + Level 6.7(6.5) Polearms
 - Level 2.1(2.0) Armour
 - Level 3.0(2.8) Shields


You had 5 spell levels left.
You didn't know any spells.

Dungeon Overview and Level Annotations

Branches:
Dungeon (3/15)

Altars:
Makhleb
Ru

Annotations:
D:2 Grinder
D:3 Robin


Message History

* * * LOW HITPOINT WARNING * * *
Grinder gestures.
Grinder blinks!
Grinder gestures.
Grinder blinks!
Grinder hits you.
* * * LOW HITPOINT WARNING * * *
You writhe in agony.
* * * LOW HITPOINT WARNING * * *
Grinder gestures at you.
You suddenly lose the ability to move!
You can move again.
Grinder gestures.
Grinder blinks!
You closely miss Grinder.
Grinder is severely wounded.
Grinder hits you.
* * * LOW HITPOINT WARNING * * *
You writhe in agony.
You die...

#####..#.#.......#.############
.........##.....##............#
######.#####...##..##########.#
#.....##.##.#......# #.#
##........#.#.##.#######.#
#........#§#.#...#....#.#
##.####..#.#.#...#.#..#.#
########..# #..#.#.#...#.#.##.#
.......##.# #..#@#.#.).#......#
######.##.# #..#5#§#.#####.####
###.......# #..#.#.........#
##.....#..###..#.###.#######
##.....#.......#..<#.#
##.....###.##.######.#
##.....#.............#
###....#.##.#.########
########.##...#


You could see Grinder.

Vanquished Creatures
  Sigmund (D:3)
  8 adders
  2 oozes (D:2)
  A worm (D:1)
  4 giant geckos
  3 giant cockroaches
  4 goblins
  3 hobgoblins
  8 kobolds
  2 quokkas
  3 ball pythons
  3 bats
  5 giant newts
  5 rats
52 creatures vanquished.

Notes
Turn   | Place    | Note
--------------------------------------------------------------
     0 | D:1      | JokEr the Merfolk Fighter began the quest for the Orb.
     0 | D:1      | Reached XP level 1. HP: 18/18 MP: 1/1
     0 | D:1      | Noticed a draconian
     1 | D:1      | Noticed a troll
     4 | D:1      | Noticed a minotaur skeleton
     6 | D:1      | Noticed a troll
    10 | D:1      | Noticed a naga
    10 | D:1      | Noticed a formicid
    12 | D:1      | Noticed a vampire
    13 | D:1      | Noticed a minotaur
    16 | D:1      | Noticed a felid
   179 | D:1      | Reached XP level 2. HP: 22/25 MP: 2/2
   617 | D:1      | Reached skill level 4 in Fighting
   772 | D:1      | Reached XP level 3. HP: 26/30 MP: 3/3
   980 | D:2      | Found a burning altar of Makhleb.
  1340 | D:2      | Found a faded altar to an unknown god.
  1400 | D:2      | Reached XP level 4. HP: 24/38 MP: 4/4
  1653 | D:2      | Found a sacrificial altar of Ru.
  2046 | D:3      | Reached skill level 5 in Polearms
  2088 | D:3      | Noticed Sigmund
  2099 | D:3      | Killed Sigmund
  2099 | D:3      | Reached skill level 5 in Fighting
  2099 | D:3      | Reached skill level 6 in Polearms
  2099 | D:3      | Reached XP level 5. HP: 31/46 MP: 5/5
  2099 | D:3      | Reached XP level 6. HP: 35/52 MP: 6/6
  2550 | D:3      | Noticed Grinder
  2552 | D:3      | Paralysed by Grinder for 3 turns
  2557 | D:3      | Paralysed by Grinder for 5 turns
  2559 | D:3      | Noticed Robin
  2563 | D:3      | Paralysed by Grinder for 6 turns
  2566 | D:3      | HP: 1/52 [Grinder (7)]
  2591 | D:2      | Paralysed by Grinder for 3 turns
  2634 | D:2      | HP: 2/52 [Grinder (1)]
  2638 | D:2      | Paralysed by Grinder for 3 turns
  2643 | D:2      | HP: 1/52 [Grinder (3)]
  2643 | D:2      | Slain by Grinder

Vault maps used:
D:1:      shiori_arrival_whats_in_store_for_you, minmay_shallow_snake_nest
D:2:      lemuel_round_altar, old_standard_altar, ecumenical_altar_2
D:3:      nicolae_tso_carved_into_rock, uniq_grinder, uniq_iyjb, uniq_robin,
          uniq_sigmund

Action                   |  1- 3 |  4- 6 || total
-------------------------+-------+-------++-------
Melee: Trident           |   115 |    87 ||   202
  Use: Scroll            |     3 |       ||     3
       Potion            |       |     7 ||     7
  Eat: Chunk             |     1 |     1 ||     2
       Bread ration      |       |     1 ||     1
